 Dungeon Crawl Stone Soup version 0.31.0-12-g77e489cdc1 (webtiles) character file.

Game seed: 9738515472215162965

14238 Marvel the Severer (level 12, -2/108 HPs)
             Began as a Hill Orc Fighter on Feb 24, 2024.
             Was a Priest of Beogh.
             Slain by a skeletal warrior
             ... wielding a +0 war axe
              (20 damage)
             ... on level 12 of the Dungeon.
             The game lasted 00:23:02 (11492 turns).

Marvel the Severer (Hill Orc Fighter)              Turns: 11492, Time: 00:23:02

Health: -2/108     AC: 30    Str: 27    XL:     12   Next: 14%
Magic:  12/12      EV:  7    Int:  8    God:    Beogh [***...]
Gold:   1208       SH:  6    Dex: 10    Spells: 11/11 levels left

rFire   x . .        a - +1 war axe (protect)
rCold   . . .        C - +2 buckler "Gerch" {rF- Will+ rCorr Str+3}
rNeg    . . .        L - +0 plate armour
rPois   +            s - +0 helmet
rElec   .            d - +0 cloak
rCorr   +            A - +0 pair of gloves
SInv    .            l - +2 pair of boots
Will    +....        (no amulet) Stlth
                     H - ring of flight
HPRegen 0.38/turn    S - ring of poison resistance
MPRegen 0.13/turn

%: no passive effects
@: mighty, under a protective aura, flying
A: shaggy fur 1, wild magic 1
a: Renounce Religion, Smiting


You were on level 12 of the Dungeon.
You worshipped Beogh.
Beogh was most pleased with you.
You visited 1 branch of the dungeon, and saw 12 of its levels.
You also visited: Sewer.

You collected 1208 gold pieces.

Inventory:

Hand Weapons
 a - a +1 war axe of protection (weapon)
 e - a +3 battleaxe of flaming
Missiles
 k - 5 poisoned darts
 p - 5 boomerangs (quivered)
 K - 5 darts of dispersal
Armour
 b - a +0 scale mail
 c - a +0 buckler
 d - a +0 cloak (worn)
 l - a +2 pair of boots (worn)
 s - a +0 helmet (worn)
 A - a +0 pair of gloves (worn)
 C - the +2 buckler "Gerch" (worn) {rF- Will+ rCorr Str+3}
   (You found it on level 6 of the Dungeon)

   Str+3:     It affects your strength (+3).
   rF-:       It makes you vulnerable to fire.
   Will+:     It increases your willpower.
   rCorr:     It protects you from acid and corrosion.
 L - a +0 plate armour (worn)
Jewellery
 h - a ring of fire
 j - an amulet of magic regeneration
 v - a +6 ring of intelligence
 B - a ring of ice
 H - a ring of flight (left hand)
 Q - a ring of resist corrosion
 S - a ring of poison resistance (right hand)
Wands
 w - a wand of mindburst (11)
 G - a wand of charming (5)
 J - a wand of flame (31)
 M - a wand of iceblast (7)
Scrolls
 g - 5 scrolls of teleportation
 m - a scroll of vulnerability
 q - 2 scrolls of acquirement
 y - 5 scrolls of identify
 D - a scroll of brand weapon
 F - 2 scrolls of immolation {unknown}
 N - 3 scrolls of revelation {unknown}
 O - a scroll of amnesia
 P - 2 scrolls of torment {unknown}
 R - 2 scrolls of fear
Potions
 i - a potion of enlightenment
 n - 4 potions of invisibility
 o - 4 potions of lignification
 r - a potion of mutation
 t - a potion of attraction
 u - 2 potions of degeneration
 x - a potion of might
 z - 4 potions of curing
 I - a potion of haste


   Skills:
 + Level 10.8 Fighting
 + Level 18.1 Axes
 + Level 3.4 Throwing
 + Level 10.5 Armour
 - Level 3.8 Shields


You had 11 spell levels left.
You didn't know any spells.
Your spell library contained the following spells:

 Spells                   Type           Power      Damage    Failure   Level
 Apportation              Tloc           0%         N/A       99%         1
 Foxfire                  Conj/Fire      0%         2x1d4     99%         1
 Magic Dart               Conj           0%         1d3       99%         1
 Necrotise                Necr           0%         1d4       99%         1
 Sting                    Conj/Alch      0%         1d3       99%         1
 Summon Small Mammal      Summ           0%         N/A       99%         1
 Blink                    Tloc           0%         N/A       100%        2
 Call Imp                 Summ           0%         N/A       100%        2
 Vhi's Electric Charge    Tloc/Air       0%         N/A       100%        4
 Arcjolt                  Conj/Air       0%         1d10      100%        5
 Plasma Beam              Fire/Air       0%         2x1d10    100%        6
 Starburst                Conj/Fire      0%         6d3       100%        6


Dungeon Overview and Level Annotations

Branches:
Dungeon (12/15)            Temple (0/1) D:6            Lair (0/5) D:8
    Orc (0/2) D:11          Sewer (visited)

Altars:

Shops:
D:10 :

Annotations:
D:4 Edmund
D:5 3 runed translucent doors, drgodel's ghost, amateur TrFi
D:11 1 runed translucent door, lis82's ghost, journeyman DgIE


Innate Abilities, Weirdness & Mutations

You are covered in fur. (AC +1)
Your spells are a little harder to cast, but a little more powerful.


Message History

The skeletal warrior is heavily damaged.
The skeletal warrior hits you with a +0 war axe!
* * * LOW HITPOINT WARNING * * *
You barely miss the skeletal warrior.
The skeletal warrior is heavily damaged.
The skeletal warrior closely misses you.
You slice the skeletal warrior!!
The skeletal warrior is almost destroyed.
You slice the skeletal warrior!!
You destroy the skeletal warrior!
Beogh accepts your kill.
You barely miss the skeletal warrior. The skeletal warrior barely misses you.
You hit the skeletal warrior but do no damage.
You slash the skeletal warrior!
The skeletal warrior is moderately damaged.
You block the skeletal warrior's attack.
You closely miss the skeletal warrior.
The skeletal warrior is moderately damaged.
The skeletal warrior barely misses you.
You completely miss the skeletal warrior.
The skeletal warrior is lightly damaged.
The skeletal warrior barely misses you.
You closely miss the skeletal warrior.
The skeletal warrior is lightly damaged.
Press: ? - help, v - describe, . - travel, g - get item
Here: a skeletal warrior, wielding a +0 war axe (lightly damaged) Item here: a +0 war axe.
The floor.
Unknown command.
You hit the skeletal warrior.
The skeletal warrior is moderately damaged.
The skeletal warrior hits you with a +0 war axe!
* * * LOW HITPOINT WARNING * * *
You hit the skeletal warrior.
The skeletal warrior is moderately damaged.
The skeletal warrior barely misses you.
You slash the skeletal warrior!
The skeletal warrior is moderately damaged.
The skeletal warrior hits you with a +0 war axe!!
You die...

#.##.# #z##.# #.##.#
#.##.# #.##.# # #.##.#
#.#.##.#
#......###############
###........z@).......#
#.###############.##
#.# #.# #.# #.# ..#
#.# .## #.# ## #.#
#########.#
#.........#


You could see a skeletal warrior.

Vanquished Creatures
  A boulder beetle (D:11)
  A tengu warrior (D:11)
  An occultist (D:12)
  3 skeletal warriors (D:12)
  A deep elf zephyrmancer (D:12)
  2 manticores
  A cyclops (D:10)
  An elephant (D:8)
  An ugly thing (D:12)
  A gargoyle (D:11)
  An unseen horror (D:12)
  A komodo dragon (D:11)
  2 trolls
  A wraith (D:11)
  A shadow (D:9)
  A basilisk (D:8)
  8 yaks
  A warg (D:11)
  2 vampire mosquitoes (D:12)
  3 black bears
  2 ice beasts
  3 sky beasts
  6 orc warriors
  3 ogres
  7 centaurs
  2 phantoms (D:5)
  A kobold brigand (D:7)
  4 bullfrogs
  A gnoll sergeant (D:9)
  2 scorpions (D:5)
  4 wights
  17 killer bees
  4 howler monkeys
  2 bombardier beetles
  A hound (D:5)
  3 jellies
  A gnoll bouda (D:7)
  5 orc priests
  Crazy Yiuf (D:3)
  5 iguanas
  7 orc wizards
  A hell rat (Sewer)
  6 adders
  9 gnolls
  5 river rats
  6 shadow imps
  8 white imps
  4 ufetubi (D:5)
  3 ribbon worms
  2 dart slugs
  16 orcs
  2 ball pythons
  5 endoplasms
  2 giant cockroaches
  2 goblins
  4 hobgoblins
  3 jackals (D:2)
  6 kobolds
  5 quokkas
  A bat (D:1)
  A frilled lizard (D:1)
  15 rats
221 creatures vanquished.

Vanquished Creatures (others)
  2 occultists (D:12)
  Maurice (D:9)
3 creatures vanquished.

Grand Total: 224 creatures vanquished

Notes
Turn   | Place    | Note
-------+----------+-------------------------------------------
     0 | D:1      | Marvel the Hill Orc Fighter began the quest for the Orb.
     0 | D:1      | Reached XP level 1. HP: 19/19 MP: 1/1
   260 | D:1      | Reached skill level 3 in Axes
   260 | D:1      | Reached XP level 2. HP: 27/27 MP: 2/2
   286 | D:1      | Found a faded altar of an unknown god.
  1133 | D:2      | Reached XP level 3. HP: 33/33 MP: 3/3
  1401 | D:3      | Reached skill level 4 in Axes
  1708 | D:3      | Reached skill level 5 in Axes
  1708 | D:3      | Reached XP level 4. HP: 40/40 MP: 4/4
  1912 | D:4      | Noticed a centaur
  2087 | D:4      | Reached XP level 5. HP: 28/46 MP: 5/5
  2172 | D:4      | Found a runed translucent door.
  2173 | D:4      | Noticed Crazy Yiuf
  2207 | D:3      | Killed Crazy Yiuf
  2208 | D:3      | Reached skill level 6 in Axes
  2507 | D:4      | Killed a centaur
  2508 | D:4      | Reached XP level 6. HP: 20/53 MP: 6/6
  2735 | D:4      | Noticed an ice beast
  2746 | D:5      | Entered Level 5 of the Dungeon
  2757 | D:5      | Reached skill level 7 in Axes
  2786 | D:5      | Noticed an ice beast
  2798 | D:5      | Killed an ice beast
  2799 | D:5      | Reached skill level 8 in Axes
  2799 | D:5      | Reached skill level 1 in Throwing
  2799 | D:5      | Reached XP level 7. HP: 51/60 MP: 7/7
  2878 | D:4      | Noticed Edmund
  2939 | D:5      | Reached skill level 9 in Axes
  3313 | D:5      | Reached skill level 10 in Axes
  3313 | D:5      | Reached XP level 8. HP: 67/67 MP: 8/8
  3321 | D:5      | Reached skill level 5 in Fighting
  3354 | D:5      | Found Durhailu's General Store.
  3587 | D:5      | Found a runed translucent gate.
  3593 | D:5      | Found a runed translucent gate.
  3597 | D:5      | Found a runed translucent gate.
  3895 | D:5      | Became a worshipper of Beogh the Brigand
  4191 | D:5      | Reached skill level 5 in Armour
  4252 | D:5      | Noticed drgodel's ghost (amateur TrFi)
  4289 | D:6      | Reached skill level 11 in Axes
  4299 | D:6      | Identified the +2 buckler "Gerch" {rF- Will+ rCorr Str+3}
  4694 | D:6      | Found a glowing drain.
  4698 | Sewer    | Entered a sewer
  4979 | D:6      | Found a staircase to the Ecumenical Temple.
  5007 | D:6      | Reached skill level 12 in Axes
  5056 | D:6      | Identified the +9 long sword of the Enormous God {flame,
                  | SInv}
  5249 | D:7      | Reached XP level 9. HP: 64/75 MP: 9/9
  5593 | D:7      | Reached skill level 13 in Axes
  5693 | D:7      | Reached * piety under Beogh
  5996 | D:7      | Identified 3 scrolls of acquirement
  5996 | D:7      | Acquired 477 gold pieces
  6221 | D:8      | Noticed an elephant
  6224 | D:8      | Found a staircase to the Lair.
  6233 | D:8      | Killed an elephant
  6234 | D:8      | Reached skill level 14 in Axes
  6434 | D:8      | Reached XP level 10. HP: 86/86 MP: 10/10
  6671 | D:8      | Reached skill level 15 in Axes
  7104 | D:9      | Reached ** piety under Beogh
  7335 | D:9      | Reached skill level 16 in Axes
  7822 | D:10     | Entered Level 10 of the Dungeon
  7857 | D:10     | Found Voutam's Book Shop.
  7858 | D:10     | Noticed Maurice
  7907 | D:11     | Noticed a boulder beetle
  7907 | D:11     | Noticed a gargoyle
  7993 | D:9      | Killed Maurice
  8179 | D:10     | Noticed a cyclops
  8200 | D:10     | Killed a cyclops
  8201 | D:10     | Reached skill level 17 in Axes
  8201 | D:10     | Reached XP level 11. HP: 67/95 MP: 11/11
  8446 | D:10     | Identified the +9 sling "Iggueh" {antimagic, ^Fragile rElec
                  | rPois SInv}
  9136 | D:11     | Found a runed translucent door.
  9136 | D:11     | Noticed lis82's ghost (journeyman DgIE)
  9367 | D:11     | Killed a boulder beetle
  9524 | D:11     | Found a staircase to the Orcish Mines.
  9882 | D:11     | Reached *** piety under Beogh
 10370 | D:11     | Noticed a manticore
 10380 | D:11     | Killed a manticore
 10406 | D:11     | Noticed a tengu warrior
 10644 | D:11     | Gained mutation: You are covered in fur. (AC +1) [potion of
                  | mutation]
 10644 | D:11     | Gained mutation: Your spells are a little harder to cast,
                  | but a little more powerful. [potion of mutation]
 10652 | D:11     | Killed a tengu warrior
 10854 | D:12     | Noticed a manticore
 10879 | D:12     | Killed a manticore
 10993 | D:12     | Reached skill level 10 in Fighting
 11033 | D:12     | Noticed a cyan ugly thing
 11043 | D:12     | Killed a cyan ugly thing
 11095 | D:12     | Noticed an occultist
 11099 | D:12     | Noticed an occultist
 11100 | D:12     | Noticed an occultist
 11102 | D:12     | Noticed a deep elf zephyrmancer
 11105 | D:12     | Killed an occultist
 11108 | D:12     | Killed an occultist
 11109 | D:12     | Killed an occultist
 11117 | D:12     | Killed a deep elf zephyrmancer
 11118 | D:12     | Reached skill level 10 in Armour
 11144 | D:12     | Noticed a deep elf pyromancer
 11430 | D:12     | Noticed a skeletal warrior
 11448 | D:12     | Noticed a skeletal warrior
 11457 | D:12     | Killed a skeletal warrior
 11458 | D:12     | Reached skill level 18 in Axes
 11458 | D:12     | Reached XP level 12. HP: 87/107 MP: 12/12
 11492 | D:12     | Slain by a skeletal warrior

Illustrated notes

Levels and vault maps discovered:
D:1:      minmay_arrival_glassed_features, layout_basic,
          hellmonk_ecumenical_altar_leap_of_faith
D:2:      layout_basic
D:3:      layout_rooms
D:4:      layout_layer_cave, lemuel_coloured_pillars_altar, dk_rats_in_the_wall,
          uniq_edmund, uniq_ijyb, uniq_crazy_yiuf_cottage
D:5:      layout_basic, ebering_ghost_rock_garden, serial_demonic,
          serial_demonic_g, serial_demonic_e, serial_demonic_g,
          serial_demonic_c, serial_demonic_d, serial_demonic_d,
          serial_demonic_g, serial_shops, nicolae_inconvenience_store,
          grunt_decor_cap, serial_bayou_lagoon_a, grunt_ministairs_11
D:6:      layout_loops_ring, minmay_temple_entry_enclosed_plants,
          gup_sewer_entry_bowl
D:7:      nicolae_whirlpool, layout_cave_pools, minmay_strange_pillars
D:8:      layout_basic, david_lair_generic, minmay_door_square,
          kennysheep_another_room
D:9:      layout_irregular_city
D:10:     layout_stronghold, serial_shops, nicolae_shop_hallway_plus,
          uniq_maurice
D:11:     layout_layer_cave, david_orc_1_choice, gammafunk_ghost_grave
D:12:     layout_basic, serial_shops, shop, bh_hangedman_babel_library

Skill      XL: |  1  2  3  4  5  6  7  8  9 10 11 |
---------------+----------------------------------+-----
Axes           | 3 5 6 8 10 12 14 17 18 | 18.1
Fighting       | 4 5 7 8 10 | 10.8
Armour         | 4 5 6 7 10 | 10.5
Throwing       | 1 2 3 |  3.4
Shields        | |  3.8

Action                     |  1- 3 |  4- 6 |  7- 9 | 10-12 || total
---------------------------+-------+-------+-------+-------++-------
  Melee: War axe           |   115 |    67 |   351 |   449 ||   982
  Throw: Boomerang         |       |    14 |    12 |    13 ||    39
         Dart              |       |     1 |       |     8 ||     9
 Invoke: Convert to Beogh  |       |       |     1 |       ||     1
    Use: Potion            |       |     1 |       |    11 ||    12
         Scroll            |       |       |    13 |     2 ||    15
 Armour: Scale mail        |    72 |    67 |   245 |   152 ||   536
         Plate armour      |       |       |       |   252 ||   252
  Dodge: Dodged            |    56 |    37 |   119 |   163 ||   375
  Block: Buckler           |    30 |     9 |    71 |   155 ||   265
